 Dungeon Crawl Stone Soup version 0.31.0-12-g77e489cdc1 (webtiles) character file.

Game seed: 4179669743774950110

7856 spaghetti the Fighter (level 11, -5/108 HPs)
             Began as a Naga Ice Elementalist on Mar 3, 2024.
             Was an Elder of Cheibriados.
             Slain by an ettin
             ... wielding a +0 great mace
              (30 damage)
             ... on level 1 of the Orcish Mines.
             The game lasted 00:21:26 (13391 turns).

spaghetti the Fighter (Naga Ice Elementalist)      Turns: 13391, Time: 00:21:26

Health: -5/108     AC: 24    Str: 20    XL:     11   Next: 21%
Magic:  3/33       EV: 10    Int: 35    God:    Cheibriados [****..]
Gold:   777        SH:  0    Dex: 23    Spells: 4/28 levels left

rFire   . . .        b - staff of cold
rCold   + . .        (no shield)
rNeg    . . .        G - +0 steam dragon scales
rPois   +            s - +2 helmet
rElec   .            (no cloak)
rCorr   .            o - +1 pair of gloves
SInv    +            (no barding)
Will    +....        k - amulet of faith
Stlth   +++          l - ring of magical power
HPRegen 0.38/turn    f - +6 ring of intelligence
MPRegen 0.23/turn

%: random rage (3%), faith
@: ice-armoured, death channelling, marked, very slightly contaminated, very
slow
A: AC +3, large, see invisible, deformed body, poison resistance, slowness 2,
spit poison 2, naga tail 1, iridescent scales 1, berserk 1, sense surroundings 1
a: Breathe Poison Gas, Renounce Religion, Bend Time, Temporal Distortion, Slouch


You were on level 1 of the Orcish Mines.
You worshipped Cheibriados.
Cheibriados was greatly pleased with you.
You visited 3 branches of the dungeon, and saw 12 of its levels.

You collected 799 gold pieces.
You spent 22 gold pieces at shops.

Inventory:

Hand Weapons
 i - a +2 dagger of venom
 u - a +1 vampiric spear
Missiles
 p - a throwing net
Armour
 o - a +1 pair of gloves (worn)
 s - a +2 helmet (worn)
 G - +0 steam dragon scales (worn)
Magical Staves
 b - a staff of cold (weapon)
Jewellery
 a - a ring of protection from fire
 f - a +6 ring of intelligence (right hand)
 k - an amulet of faith (around neck)
 l - a ring of magical power (left hand)
 r - a ring of protection from cold
 x - a +6 ring of dexterity
 F - a ring of resist corrosion
Wands
 n - a wand of charming (16)
 q - a wand of flame (33)
 w - a wand of roots (16)
 y - a wand of light (4)
 J - a wand of mindburst (6)
 K - a wand of digging (6)
Scrolls
 d - a scroll of torment
 e - 4 scrolls of immolation
 g - 4 scrolls of enchant armour
 h - 2 scrolls of blinking
 j - 2 scrolls of fog
 m - a scroll of vulnerability
 t - 3 scrolls of teleportation
 E - a scroll of butterflies
 H - a scroll of silence
 I - a scroll of poison
 M - a scroll of enchant weapon {unknown}
Potions
 c - 3 potions of lignification
 v - 2 potions of resistance
 z - a potion of magic
 A - a potion of enlightenment
 C - 3 potions of might
 D - 2 potions of brilliance {unknown}
 L - 2 potions of curing
 N - a potion of invisibility {unknown}


   Skills:
 + Level 10.0 Fighting
 - Level 1.5 Dodging
 - Level 3.0 Stealth
 + Level 9.3 Spellcasting
 - Level 6.0 Summonings
 - Level 6.0 Necromancy
 - Level 6.0 Ice Magic


You had 4 spell levels left.
You knew the following spells:

 Your Spells              Type           Power      Damage    Failure   Level
a - Freeze                Ice            100%       1d10      1%          1
b - Frozen Ramparts       Ice            100%       1d16      1%          3
c - Ozocubu's Armour      Ice            72%        N/A       1%          3
d - Summon Ice Beast      Ice/Summ       72%        N/A       1%          3
e - Martyr's Knell        Necr/Summ      55%        N/A       2%          4
f - Death Channel         Necr           27%        N/A       34%         6
g - Dispel Undead         Necr           55%        3d20      2%          4

Your spell library contained the following spells:

 Spells                   Type           Power      Damage    Failure   Level
 Necrotise                Necr           100%       1d9       1%          1
 Summon Small Mammal      Summ           100%       N/A       1%          1
 Cigotuvi's Dreadful Rot  Necr/Alch/Air  60%        N/A       1%          2
 Apportation              Tloc           32%        N/A       2%          1
 Sting                    Conj/Alch      64%        1d7       2%          1
 Inner Flame              Hex/Fire       16%        N/A       8%          3
 Volatile Blastmotes      Fire/Tloc      32%        2d12      8%          3
 Fulminant Prism          Conj/Alch      8%         3d7       26%         4
 Iskenderun's Mystic Bla  Conj/Tloc      16%        2d5       26%         4
 Irradiate                Conj/Alch      8%         3d14      58%         5
 Ignition                 Fire           8%         3d5       100%        8


Dungeon Overview and Level Annotations

Branches:
Dungeon (10/15)            Temple (1/1) D:5            Lair (0/5) D:10
    Orc (1/2) D:10

Altars:
Ashenzari
Cheibriados
Dithmenos
Elyvilon
Fedhas
Gozag
Hepliaklqana
Kikubaaqudgha
Makhleb
Nemelex Xobeh
Okawaru
Qazlal
Ru
Sif Muna
Trog
Uskayaw
Vehumet
Wu Jian
Xom
Yredelemnul
Zin
The Shining One

Shops:
D:5 *

Annotations:
D:9 2 transporters
D:10 Maggie


Innate Abilities, Weirdness & Mutations

Your serpentine skin is tough. (AC +3)
You have supernaturally acute eyesight. (SInv)
Armour fits poorly on your strangely shaped body.
Your system is resistant to poisons. (rPois)
You cover ground very slowly.
You can exhale a cloud of poison.
You have a snake-like lower body.
You are partially covered in iridescent scales. (AC +2)
You sometimes lose your temper in combat.
You passively map a small area around you.


Message History

Unknown command.
Casting: Freeze (safe; 1% risk of failure)
Confirm with . or Enter, or press ? or * to list all spells.
Aiming: Freeze (safe; 1% risk of failure)
Press: ? - help, Shift-Dir - straight line, f/p - ettin
Aim: an ettin, wielding a +0 great mace and a +0 dire flail (almost dead, not watching you, ally target)
You feel a surge of power!
You freeze the ettin.
The ettin is almost dead.
The ogre hits you with a +0 giant spiked club!
The ettin hits you with a +0 great mace!!
* * * LOW HITPOINT WARNING * * *
The ettin closely misses you.
Your spectral orc hits the ettin but does no damage. x2
Your spectral orc wizard hits the ettin but does no damage.
Your spectral orc hits the ettin but does no damage.
Unknown command.
Unknown command.
Unknown command.
Casting: Freeze (safe; 1% risk of failure)
Confirm with . or Enter, or press ? or * to list all spells.
Aiming: Freeze (safe; 1% risk of failure)
Press: ? - help, Shift-Dir - straight line, f/p - ettin
Aim: an ettin, wielding a +0 great mace and a +0 dire flail (almost dead, not watching you, ally target)
You feel a surge of power!
You freeze the ettin.
The ettin is almost dead.
The ogre hits you but does no damage. The ettin barely misses you.
The ettin hits you with a +0 dire flail!
* * * LOW HITPOINT WARNING * * *
Your spectral orc hits the ettin but does no damage. x2
Your spectral orc wizard hits the ettin but does no damage.
Your spectral orc hits the ettin but does no damage.
Unknown command.
Unknown command.
Unknown command.
You don't have enough magic at the moment.
Okay, then.
Okay, then.
You feel much better.
The ettin hits you with a +0 great mace!!
You die...

..........##.#...).#.##
..........#.....<.....#
...............†.....##*
...>.................#
...........#..§......# *
.$..................##*
.........Z....§.....#*
........OZ.$..........*
.......@CZZ#...........
........ZZ.[.........##
#..........)))......##
#.........).>)....
...........$.....
................ ,
............... ,
.........$..... ,, , ,


You could see an ettin (ally target), an ogre, 3 friendly spectral orcs, a
friendly spectral orc high priest, a friendly spectral orc wizard and a friendly
spectral troll.

Vanquished Creatures
  2 trolls (D:10)
  A hornet (D:7)
  A shadow (D:9)
  3 wyverns
  A vampire (D:9)
  A wraith (D:10)
  2 wargs (Orc:1)
  4 steam dragons
  An acid dragon (D:8)
  4 orc warriors
  An ice beast (D:8)
  2 sky beasts
  A black bear (D:5)
  An ogre (Orc:1)
  4 centaurs
  A phantom (D:6)
  A kobold brigand (D:7)
  3 bullfrogs
  A wight (D:7)
  A howler monkey (D:5)
  A crimson imp (D:4)
  A gnoll bouda (D:4)
  2 jellies
  A bombardier beetle (D:5)
  5 hounds
  16 orc priests
  13 orc wizards
  A sleepcap (D:5)
  2 iguanas
  Robin (D:4)
  11 gnolls
  12 adders
  A shadow imp (D:5)
  A white imp (D:4)
  7 dart slugs
  3 ribbon worms
  61 orcs
  5 bats
  6 endoplasms
  5 giant cockroaches
  15 goblins
  9 hobgoblins
  16 kobolds
  6 quokkas
  8 ball pythons
  14 frilled lizards
  2 rats
261 creatures vanquished.

Vanquished Creatures (collateral kills)
  A two-headed ogre (D:9)
  An orc high priest (Orc:1)
  A troll (Orc:1)
  2 orc warriors (Orc:1)
  A sky beast (D:7)
  An ogre (Orc:1)
  A bullfrog (D:9)
  2 gnoll sergeants
  4 wights (D:7)
  A bombardier beetle (D:6)
  3 orc priests (Orc:1)
  An orc wizard (Orc:1)
  2 gnolls
  7 orcs
28 creatures vanquished.

Vanquished Creatures (others)
  An orc priest (Orc:1)
  An orc wizard (D:7)
  An orc (D:8)
3 creatures vanquished.

Grand Total: 292 creatures vanquished

Notes
Turn   | Place    | Note
-------+----------+-------------------------------------------
     0 | D:1      | spaghetti the Naga Ice Elementalist began the quest for the
                  | Orb.
     0 | D:1      | Reached XP level 1. HP: 15/15 MP: 3/3
    79 | D:1      | Reached skill level 1 in Fighting
    79 | D:1      | Reached XP level 2. HP: 10/25 MP: 1/5
   533 | D:1      | Reached XP level 3. HP: 24/31 MP: 2/6
   537 | D:1      | Learned a level 3 spell: Frozen Ramparts
   591 | D:1      | Learned a level 3 spell: Ozocubu's Armour
  1067 | D:1      | Found a faded altar of an unknown god.
  1085 | D:1      | Reached skill level 2 in Fighting
  1225 | D:2      | Reached XP level 4. HP: 19/39 MP: 2/8
  1615 | D:2      | Found a glowing silver altar of Zin.
  2388 | D:3      | Reached XP level 5. HP: 32/46 MP: 6/9
  2890 | D:3      | Found a glowing drain.
  3233 | D:3      | Gained mutation: You passively map a small area around you.
                  | [potion of mutation]
  3233 | D:3      | Gained mutation: You are partially covered in iridescent
                  | scales. (AC +2) [potion of mutation]
  3233 | D:3      | Gained mutation: You sometimes lose your temper in combat.
                  | [potion of mutation]
  3233 | D:3      | Gained mutation: You can exhale a cloud of poison. [potion
                  | of mutation]
  3265 | D:3      | Found a sparkling altar of Nemelex Xobeh.
  3519 | D:4      | Noticed Robin
  3520 | D:4      | Reached skill level 3 in Fighting
  3526 | D:4      | Killed Robin
  3804 | D:4      | Reached XP level 6. HP: 35/56 MP: 11/11
  3984 | D:4      | Reached skill level 5 in Ice Magic
  4578 | D:5      | Entered Level 5 of the Dungeon
  4578 | D:5      | Noticed a black bear
  4581 | D:5      | Reached skill level 4 in Fighting
  4588 | D:5      | Killed a black bear
  4589 | D:5      | Reached XP level 7. HP: 60/64 MP: 12/13
  5051 | D:5      | Found Siosch's Assorted Antiques.
  5059 | D:5      | Bought a scroll labelled OLLEDDADIK for 22 gold pieces
  5170 | D:5      | Found a staircase to the Ecumenical Temple.
  5195 | D:5      | Learned a level 3 spell: Summon Ice Beast
  5352 | D:5      | Reached skill level 1 in Summonings
  5837 | D:6      | Noticed a steam dragon
  5844 | D:5      | Reached skill level 5 in Spellcasting
  5845 | D:5      | Reached skill level 5 in Fighting
  5845 | D:5      | Reached XP level 8. HP: 9/74 MP: 11/15
  6204 | Temple   | Entered the Ecumenical Temple
  6280 | Temple   | Became a worshipper of Cheibriados the Contemplative
  7698 | D:6      | Reached skill level 6 in Fighting
  7936 | D:7      | Reached * piety under Cheibriados
  7945 | D:7      | Noticed a hornet
  7961 | D:7      | Killed a hornet
  7962 | D:7      | Reached XP level 9. HP: 72/85 MP: 4/18
  7967 | D:7      | Learned a level 4 spell: Martyr's Knell
  8248 | D:7      | Reached skill level 7 in Fighting
  8248 | D:7      | Reached skill level 5 in Summonings
  8368 | D:7      | Reached ** piety under Cheibriados
  8849 | D:7      | Found a glowing golden altar of the Shining One.
  8849 | D:7      | Found an ancient bone altar of Kikubaaqudgha.
  9023 | D:7      | Learned a level 6 spell: Death Channel
  9165 | D:8      | Reached skill level 1 in Necromancy
  9839 | D:8      | Reached *** piety under Cheibriados
 10004 | D:8      | Reached XP level 10. HP: 88/96 MP: 21/21
 10163 | D:8      | Found a stormy altar of Qazlal.
 10191 | D:8      | Reached skill level 8 in Fighting
 10672 | D:9      | Found a transporter.
 10705 | D:9      | Learned a level 4 spell: Dispel Undead
 10963 | D:9      | Found a transporter.
 10999 | D:9      | Noticed a two-headed ogre
 11004 | D:9      | Killed a two-headed ogre
 11467 | D:9      | Reached **** piety under Cheibriados
 11660 | D:10     | Entered Level 10 of the Dungeon
 11666 | D:10     | Noticed Maggie
 11755 | D:10     | Found a staircase to the Lair.
 11831 | D:10     | Reached skill level 9 in Fighting
 12029 | D:10     | Reached ***** piety under Cheibriados
 12070 | D:10     | Found a staircase to the Orcish Mines.
 12138 | D:10     | Found an opulent altar of Gozag.
 12370 | D:10     | Reached skill level 5 in Necromancy
 12872 | Orc:1    | Entered Level 1 of the Orcish Mines
 13015 | Orc:1    | Reached XP level 11. HP: 84/106 MP: 16/23
 13378 | Orc:1    | Noticed an ettin
 13382 | Orc:1    | Noticed an orc high priest
 13388 | Orc:1    | Killed an orc high priest
 13389 | Orc:1    | Reached skill level 10 in Fighting
 13391 | Orc:1    | Slain by an ettin

Illustrated notes

Levels and vault maps discovered:
D:1:      dpeg_arrival_simpleton_c, layout_basic,
          dilly_ecumenical_altar_fadedgnrine, minmay_lizard_king
D:2:      wander_river, layout_loops_ring, basic_altar, serial_forest,
          infiniplex_forest_straight_1, infiniplex_forest_pool,
          infiniplex_forest_clump_tiny, infiniplex_forest_clump_long,
          infiniplex_forest_join, infiniplex_forest_clump_medium
D:3:      layout_basic, mainiacjoe_overflow_cross_hatched,
          gup_sewer_entry_spiral
D:4:      layout_basic, st_stairs_13, minmay_fountain_box, minivault_1,
          minmay_fire_ice_demons, uniq_robin
D:5:      layout_cave_pools, minmay_temple_entry_offerings, serial_shops, shop,
          nrook_mini_vaults, chequers_serial_rivers_small_3,
          serial_bayou_pond_e, serial_library_regret_index_multi,
          chequers_serial_rivers_micro_d, roderic_roman_lattice, minivault_4,
          nicolae_nh_ransacked_shop
D:6:      layout_rooms, kennysheep_generic_room_8
D:7:      layout_gridville, gammafunk_temple_overflow_statue
D:8:      layout_loops_ring, nicolae_qazlal_general_emergency,
          chequers_decorated_corner
D:9:      gammafunk_cloud_chamber, layout_long_grid
D:10:     layout_roguey, mainiacjoe_overflow_boulevard, dpeg_oklobed_lair,
          hiddenorc2_lemuel, uniq_maggie
Temple:   nicolae_temple_bog_church
Orc:1:    layout_caves, kennysheep_orc_chapel

Skill      XL: |  1  2  3  4  5  6  7  8  9 10 11 |
---------------+----------------------------------+-----
Fighting       | 1 2 3 4 5 6 7 9 10 | 10.0
Spellcasting   | 3 4 5 6 7 8 9 |  9.3
Ice Magic      | 5 6 |  6.0
Summonings     | 1 4 6 |  6.0
Necromancy     | 2 5 6 |  6.0
Dodging        | |  1.5
Stealth        | |  3.0

Action                     |  1- 3 |  4- 6 |  7- 9 | 10-12 || total
---------------------------+-------+-------+-------+-------++-------
  Melee: Unarmed           |    30 |       |       |       ||    30
         Staff             |    50 |   196 |   133 |   145 ||   524
         Punch             |     2 |     2 |       |     5 ||     9
   Cast: Freeze            |    33 |    64 |    90 |    57 ||   244
         Frozen Ramparts   |       |     7 |    24 |    13 ||    44
         Ozocubu's Armour  |       |     5 |    15 |     7 ||    27
         Summon Ice Beast  |       |       |    12 |    13 ||    25
         Martyr's Knell    |       |       |     4 |    13 ||    17
         Death Channel     |       |       |       |     4 ||     4
         Dispel Undead     |       |       |       |     2 ||     2
 Invoke: Slouch            |       |       |       |     2 ||     2
Ability: Spit Poison       |     2 |       |       |       ||     2
         Breathe Poison Ga |       |       |       |     2 ||     2
  Evoke: Wand              |       |       |       |     1 ||     1
    Use: Potion            |     2 |     4 |     3 |     1 ||    10
         Scroll            |       |     7 |     5 |     1 ||    13
   Stab: Sleeping          |     3 |    11 |     1 |     1 ||    16
 Armour: Robe              |    78 |   180 |   254 |       ||   512
         Skin              |     4 |       |       |       ||     4
         Steam dragon scal |       |       |    38 |   265 ||   303
  Dodge: Dodged            |    56 |   141 |   159 |   138 ||   494
